[Event "*** Titled Tuesday 3|2 Blitz"]
[Site "Chess.com"]
[Date "2016.07.05"]
[Round "7"]
[White "JusticeBot"]
[Black "Zenzo"]
[Result "1-0"]
[WhiteElo "2558"]
[BlackElo "2314"]
[TimeControl "180+2"]
[EndTime "18:26:52 PDT"]
[Termination "JusticeBot won by checkmate"]

1. e4 e5 2. Nf3 Nc6 3. Bc4 Bc5 4. b4 Bxb4 5. c3 Ba5 6. d4 exd4 7. O-O Nf6 8. Ba3 Bb6 9. Qb3 Rf8 10. e5 Ne4 11. Bd5 Nc5 12. Qc4 Na5 13. Qb4 d3 14. Nbd2 c6 15. Ne4 cxd5 16. Nd6+ Ke7 17. Nf5+ Ke8 18. Nxg7+ Ke7 19. Nf5+ Ke8 20. Nd6+ Ke7 21. Qh4+ f6 22. Qxh7+ Ke6 23. Qf5+ Ke7 24. Rae1 Qc7 25. exf6+ Kd8 26.
Re8+ Rxe8 27. Nf7# 1-0

[Event "*** Titled Tuesday 3|2 Blitz"]
[Site "Chess.com"]
[Date "2016.07.05"]
[Round "7"]
[White "jcibarra"]
[Black "TyIerDurden"]
[Result "1/2-1/2"]
[WhiteElo "2657"]
[BlackElo "2451"]
[TimeControl "180+2"]
[EndTime "18:26:57 PDT"]
[Termination "Game drawn by agreement"]

1. e4 e6 2. d4 d5 3. Bd3 dxe4 4.
Bxe4 Nf6 5. Bf3 c5 6. Ne2 Nc6 7. Be3 cxd4 8. Nxd4 Nxd4 9. Qxd4 Be7 10. Nc3 Qa5 11. Qa4+ Qxa4 12. Nxa4 Bd7 13. Nc5 Bxc5 14. Bxc5 Rc8 15. Bxa7 Rxc2 16. Bd4 Bc6 17. Be2 Be4 18.
Bc3 Ke7 19. Bd1 Rxc3 20. bxc3 Bxg2 21. Rg1 Be4 22. Bb3 Bg6 23. Rg3 Ne4 24. Re3 Nc5 25.
Rd1 b5 26. f3 h5 27. Rd5 Rc8 28. Kf2 Ne4+ 29. Rxe4 Bxe4 30. Rxb5 Bd3 31. Rxh5 Rxc3 32. Ra5 Bc2 33. Bxc2 Rxc2+ 34. Kg3 Kf6 35. h4 Rc1 36. Ra7 g6 37. Ra4 Rg1+ 38. Kf2 Rh1 39. Rb4 Rh2+ 40.
Kg3 Rxa2 41. Rb5 e5 42. Rb7 1/2-1/2

[Event "*** Titled Tuesday 3|2 Blitz"]
[Site "Chess.com"]
[Date "2016.07.05"]
[Round "7"]
[White "chessking2151"]
[Black "popov_m"]
[Result "1-0"]
[WhiteElo "2333"]
[BlackElo "2174"]
[TimeControl "180+2"]
[EndTime "18:27:00 PDT"]
[Termination "chessking2151 won by checkmate"]

1. e4 e6 2. d4 d5 3. Nd2 Nc6 4. Ngf3 Nf6 5. e5 Nd7 6. Bb5 a6 7. Bxc6 bxc6 8. c4 c5 9. cxd5 exd5 10. O-O Be7 11. dxc5 Nxc5 12. Qe2 O-O 13. Rd1 Ne6 14. Nf1 Bb7 15. Ng3 Re8 16. b3 c5 17. Bb2 Qb6 18.
Rac1 a5 19. Nf5 Bf8 20. Ne3 Red8 21. Qc2 a4 22. Rb1 axb3 23. axb3 Ra2 24. Ng4 d4 25. Qf5 Qxb3 26. Ba1 Qa4 27. h4 d3 28. Ng5 Bd5 29.
Qxh7# 1-0

[Event "*** Titled Tuesday 3|2 Blitz"]
[Site "Chess.com"]
[Date "2016.07.05"]
[Round "7"]
[White "Astaneh"]
[Black "Evgeny_Levin"]
[Result "0-1"]
[WhiteElo "2460"]
[BlackElo "2641"]
[TimeControl "180+2"]
[EndTime "18:27:09 PDT"]
[Termination "Evgeny_Levin won by resignation"]

1. d4 Nf6 2. Nf3 e6 3. g3 b6 4.
Bg2 Bb7 5. O-O Be7 6. b3 O-O 7. Bb2 c5 8. c4 cxd4 9. Nxd4 Bxg2 10. Kxg2 Nc6 11. Nxc6 dxc6 12. Qc2 Qc7 13. Nd2 Rfd8 14. Rad1 Rd7 15. Nf3 Rad8 16. Ne5 Rd6 17. Nd3 Nd7 18. e4 f6 19. f4 Nc5 20. Nxc5 Rxd1 21. Rxd1 Bxc5 22.
Rd3 Rxd3 23. Qxd3 Qd6 24. Qxd6 Bxd6 25. Kf3 Kf7 26. e5 fxe5 27. Bxe5 Bxe5 28. fxe5 Kg6 29. Kf4 Kh5 30. h3 c5 31. a3 a5 32. a4 h6 33. h4 g6 34. Kf3 g5 35. hxg5 Kxg5 36.
g4 h5 37. gxh5 Kxh5 38. Kf4 Kh4 39. Kf3 Kg5 40. Ke4 Kg4 0-1

[Event "*** Titled Tuesday 3|2 Blitz"]
[Site "Chess.com"]
[Date "2016.07.05"]
[Round "7"]
[White "LaStreetCmaMaison"]
[Black "ChessNinja48"]
[Result "1-0"]
[WhiteElo "2480"]
[BlackElo "2341"]
[TimeControl "180+2"]
[EndTime "18:27:21 PDT"]
[Termination "LaStreetCmaMaison won by resignation"]

1. h4 Nf6 2. h5 d5 3. a4 c5 4. a5 Nc6 5. e3 e5 6. Nf3 Bg4 7. Be2 Bxh5 8. d4 e4 9. Ne5 Bxe2 10. Qxe2 Bd6 11. a6 Nxe5 12. axb7 Rb8 13. dxe5 Bxe5 14. Qb5+ Nd7 15. Rxa7 O-O 16. Bd2 Qb6 17. Qxb6 Nxb6 18. b3 f5 19. O-O Rf7 20. Ra5 Bd6 21. Nc3 Rfxb7 22. Rd1 Be7 23. Bc1 Rd7 24. Rb5 Rdd8 25. Ba3 Bf6 26. Nxd5 Nxd5 27. Rxb8 Rxb8 28. Rxd5 c4 29. bxc4 g6 30. c5 Ra8 31. Bb4 Ra1+ 32.
Kh2 Rc1 33. c6 Rxc2 34. Bc5 Be7 35. c7 1-0

[Event "*** Titled Tuesday 3|2 Blitz"]
[Site "Chess.com"]
[Date "2016.07.05"]
[Round "7"]
[White "MFBerna"]
[Black "vellottiwizard"]
[Result "0-1"]
[WhiteElo "2270"]
[BlackElo "2512"]
[TimeControl "180+2"]
[EndTime "18:27:35 PDT"]
[Termination "vellottiwizard won on time"]

1. e4 e6 2. d4 d5 3. Nd2 Nc6 4. Ngf3 Nf6 5. Bd3 Nb4 6. O-O Nxd3 7. cxd3 Be7 8. e5 Nd7 9. Ne1 O-O 10. f4 c5 11.
Ndf3 b6 12. Be3 f5 13. Qd2 Ba6 14. Nc2 Rc8 15. Rac1 c4 16. dxc4 Bxc4 17. Rfe1 Bxa2 18. Nb4 Bc4 19. Nd3 a5 20. Rc2 b5 21. Rec1 a4 22.
Nb4 Qb6 23. Bf2 Rc7 24. Kh1 Rfc8 25. Ne1 Bb3 26. Rxc7 Rxc7 27. Ned3 Bc4 28. Qc3 h6 29.
Qa3 Bxd3 30. Rxc7 Qxc7 31. Qxd3 Bxb4 32. Qxb5 Bd2 33. Qf1 Qc1 34. Qxc1 Bxc1 0-1

[Event "*** Titled Tuesday 3|2 Blitz"]
[Site "Chess.com"]
[Date "2016.07.05"]
[Round "7"]
[White "SavelijTartakover"]
[Black "Alliswell998"]
[Result "1-0"]
[WhiteElo "2505"]
[BlackElo "2180"]
[TimeControl "180+2"]
[EndTime "18:27:37 PDT"]
[Termination "SavelijTartakover won by checkmate"]

1. d4 Nf6 2. c4 c5 3. d5 b5 4.
cxb5 a6 5. Nc3 axb5 6. e4 Qa5 7.
e5 Ne4 8. Ne2 g6 9. g3 Bg7 10.
f4 O-O 11. Bg2 Nxc3 12. bxc3 d6 13. O-O dxe5 14. Be3 exf4 15. Bxc5 fxg3 16. Bxe7 gxh2+ 17. Kh1 Re8 18. d6 Be6 19. Nf4 Bc4 20. Bd5 Nd7 21. Bxc4 bxc4 22. Nd5 Nb6 23. Nc7 Nd7 24. Qf3 Ne5 25.
Qe4 Rac8 26. Nxe8 Rxe8 27. Rad1 Nd7 28. Qxc4 Qa8+ 29. Qd5 Bxc3 30. a4 Qxd5+ 31. Rxd5 Bb4 32. Rb5 Bc5 33. Rb7 Ne5 34. a5 Ra8 35. Rc7 Bg1 36. Bf6 Nd3 37. d7 Nf2+ 38. Rxf2 Bxf2 39. Rc8+ Rxc8 40. dxc8=Q# 1-0

[Event "*** Titled Tuesday 3|2 Blitz"]
[Site "Chess.com"]
[Date "2016.07.05"]
[Round "7"]
[White "RobertoJBM"]
[Black "proxy6"]
[Result "1-0"]
[WhiteElo "2355"]
[BlackElo "1936"]
[TimeControl "180+2"]
[EndTime "18:27:39 PDT"]
[Termination "RobertoJBM won by resignation"]

1. d4 Nf6 2. e3 e6 3. Nf3 c5 4. Bd3 b6 5. Qe2 Bb7 6. c3 Be7 7. e4 d5 8. e5 Ne4 9. Nbd2 Nxd2 10. Bxd2 Nc6 11. O-O Qc7 12. Bf4 O-O-O 13. dxc5 bxc5 14. Rfc1 h6 15. b4 c4 16. Bc2 g5 17. Bg3 h5 18. h3 Rdg8 19. b5 Nb8 20. Nd4 Nd7 21. a4 h4 22. Bh2 Bc5 23. Rd1 Bb6 24. f3 Nc5 25. Kh1 Ba5 26. Qe3 Rg7 27. Rf1 Rhg8 28. Rab1 Bb6 29. Ra1 Ba5 30. Ra2 Nd7 31. Re1 Nc5 32.
Re2 Nd7 33. Bg1 Bb6 34. Bh2 Ba5 35. Qd2 Nc5 36. Ra3 Nd7 37. Qe1 Nc5 38. Bg1 Nd7 39. Ra1 Kd8 40. Rb1 Ke7 41. Qc1 Bxc3 42. Qa3+ Ke8 43. Qxc3 1-0

[Event "*** Titled Tuesday 3|2 Blitz"]
[Site "Chess.com"]
[Date "2016.07.05"]
[Round "7"]
[White "Indianlad"]
[Black "ruifeng"]
[Result "1-0"]
[WhiteElo "2560"]
[BlackElo "2319"]
[TimeControl "180+2"]
[EndTime "18:28:01 PDT"]
[Termination "Indianlad won by checkmate"]

1. Nf3 c5 2. g3 Nc6 3. Bg2 g6 4. O-O Bg7 5. c3 e5 6. e4 Nge7 7. Na3 O-O 8. Re1 d6 9. Nc2 h6 10. d4 b6 11. b4 Bb7 12. d5 Nb8 13. bxc5 bxc5 14. Rb1 Ba6 15. Ne3 Nd7 16. h4 Nb6 17. h5 f5 18. hxg6 f4 19. Nf5 Nxf5 20. exf5 Rxf5 21.
gxf4 exf4 22. Bh3 Rf8 23. Re4 Qf6 24. Re6 Qxc3 25. Bb2 Qd3 26. Bxg7 Kxg7 27. Re7+ Kf6 28. Qe1 Qxf3 29. Qe6+ Kg5 30. g7 Rf6 31. g8=Q+ Rxg8 32. Qxg8+ Kh5 33. Bg2 Qd3 34. Rbe1 Rg6 35. Qf7 f3 36.
Kh2 fxg2 37. R7e3 Qxe3 38. fxe3 Bf1 39. Kg1 Nc4 40. Qf3+ Rg4 41. e4 Ne5 42. Qf5+ Rg5 43. Qf2 Kg6 44. Qf8 c4 45. Re3 Kh5 46. Rh3+ Kg4 47.
Qxh6 c3 48. Qh4# 1-0

[Event "*** Titled Tuesday 3|2 Blitz"]
[Site "Chess.com"]
[Date "2016.07.05"]
[Round "7"]
[White "Izoria123"]
[Black "dawtonlms"]
[Result "1-0"]
[WhiteElo "2606"]
[BlackElo "2185"]
[TimeControl "180+2"]
[EndTime "18:28:13 PDT"]
[Termination "Izoria123 won by resignation"]

1. e4 c5 2. Nf3 e6 3. g3 d5 4.
exd5 exd5 5. d4 Nc6 6. Bg2 Nf6 7. O-O Be6 8. Be3 c4 9. Ne5 Be7 10. Nc3 O-O 11. h3 Nd7 12. Nxd5 Ndxe5 13. dxe5 Nxe5 14. Bf4 Bf6 15. Re1 Nc6 16. Bc7 Qc8 17. Nxf6+ gxf6 18. Bf4 Bxh3 19. Qh5 Bg4 20. Qh6 Qd8 21. Re4 Bf5 22.
Be3 Bg6 23. Rxc4 Ne5 24. Rd4 Qc7 25. c3 Rfd8 26. Rf4 Qe7 27. Bd4 Rd6 28. Qh4 Rc8 29. g4 Nd3 30. Rxf6 Rxf6 31. Bxf6 Qe2 32. g5 Qh5 33.
Qxh5 Bxh5 34. Bxb7 Rb8 35. Be4 Nc5 36. Bd5 Bg4 37.
Re1 Be6 38. Bxe6 Nxe6 39. b3 Rc8 40. c4 Kf8 41. Re5 Ke8 42. Rd5 Nf4 43. Rd6 Ne2+ 44.
Kf1 Nc3 45. Ra6 Rc7 46. Bxc3 1-0

[Event "*** Titled Tuesday 3|2 Blitz"]
[Site "Chess.com"]
[Date "2016.07.05"]
[Round "7"]
[White "saraswathii"]
[Black "rithwik2002"]
[Result "0-1"]
[WhiteElo "2060"]
[BlackElo "2008"]
[TimeControl "180+2"]
[EndTime "18:28:15 PDT"]
[Termination "rithwik2002 won by resignation"]

1. e4 e5 2. d3 Nc6 3. Nf3 Nf6 4. g3 d5 5. exd5 Nxd5 6. Bg2 Be7 7. O-O O-O 8. h3 Be6 9. Nbd2 Qd7 10. Kh2 f6 11. Qe2 Ndb4 12. Ne4 Nxa2 13. Be3 Nab4 14. Nc5 Bxc5 15.
Bxc5 Rfe8 16. Nh4 Nd4 17. Bxd4 exd4 18. Qd2 c5 19. Rad1 Rad8 20. Ra1 b6 21. Ra3 a5 22.
Raa1 Re7 23. Be4 Rde8 24. c3 dxc3 25. bxc3 f5 26. Bg2 Nxd3 27. Rad1 Bc4 28. Qg5 Rf7 29.
Bf3 g6 30. Nxg6 hxg6 31. Qxg6+ Rg7 32. Qxb6 a4 33. Bc6 Qd6 34. Rb1 Nxf2 35. Rg1 f4 36.
g4 f3+ 37. Rg3 Nxg4+ 38. hxg4 Rh7+ 0-1

[Event "*** Titled Tuesday 3|2 Blitz"]
[Site "Chess.com"]
[Date "2016.07.05"]
[Round "7"]
[White "akinov-akinseye"]
[Black "Ksenia_Legenko"]
[Result "1/2-1/2"]
[WhiteElo "1900"]
[BlackElo "2056"]
[TimeControl "180+2"]
[EndTime "18:28:19 PDT"]
[Termination "Game drawn by agreement"]

1. e4 c6 2. d4 d5 3. Nd2 dxe4 4. Nxe4 Bf5 5. Ng3 Bg6 6. Bd3 Nf6 7. c3 e6 8. Nf3 Bd6 9. O-O Nbd7 10. Re1 Bxd3 11.
Qxd3 Qc7 12. Ne4 Nxe4 13. Qxe4 Nf6 14. Qd3 O-O 15. h3 Rad8 16. Bg5 Be7 17. Rad1 h6 18. Bh4 Nd5 19. Bg3 Bd6 20. Bxd6 Qxd6 21. Qe4 Nf6 22. Qe5 Qd5 23. Qxd5 cxd5 24. Re5 Rb8 25. Nd2 Rfc8 26. Nb3 Nd7 27. Re2 b5 28. Na5 b4 29. Rc1 bxc3 30. bxc3 Rb5 31. Nb3 a5 32. Rec2 a4 33. Nd2 Nb6 34.
Kf1 Nc4 35. Nxc4 Rxc4 36. Ke2 Kf8 37. Kd3 Ke7 38. Re1 Kd6 39. Ree2 a3 40. f4 Rb1 41. g3 Rd1+ 42. Red2 Rb1 43. g4 Rh1 44. Rh2 Rxh2 45. Rxh2 Rc8 46. Rc2 Rb8 47. c4 dxc4+ 48. Rxc4 Rb2 49.
Rc2 1/2-1/2

[Event "*** Titled Tuesday 3|2 Blitz"]
[Site "Chess.com"]
[Date "2016.07.05"]
[Round "7"]
[White "goingin33"]
[Black "Newlight1"]
[Result "0-1"]
[WhiteElo "2171"]
[BlackElo "2295"]
[TimeControl "180+2"]
[EndTime "18:28:24 PDT"]
[Termination "Newlight1 won by resignation"]

1. e4 c5 2. Nf3 e6 3. d4 cxd4 4. Nxd4 Nf6 5. Nc3 Nc6 6. Ndb5 d6 7. Bf4 e5 8. Bg5 a6 9. Na3 b5 10. Nd5 Be7 11. Bxf6 Bxf6 12. c4 b4 13. Nc2 O-O 14.
h4 Rb8 15. b3 a5 16. g3 Be6 17. Qd3 Rc8 18. Bh3 Nb8 19. Kf1 Nd7 20. Nce3 Nc5 21.
Qc2 g6 22. Kg2 Bg7 23. h5 Qg5 24. hxg6 fxg6 25. Bxe6+ Nxe6 26. Rh4 Nd4 27. Qd1 h5 28. Rc1 Nf3 29. Rh3 Nd4 30. Rh4 Rf7 31. Rh3 Bh6 32. Qd2 Rcf8 33. Rf1 Ne6 34. Rh2 Nc5 35. Qc2 Kh7 36.
Rh4 Ne6 37. Rh2 Nf4+ 38. Kh1 Nxd5 39. exd5 Qf6 40. Kg2 Bxe3 41. Rxh5+ Kg7 42. Rh4 Qf3+ 43. Kh2 Bxf2 44. Rh3 Bxg3+ 45. Rxg3 Rh8+ 46. Rh3 0-1

[Event "*** Titled Tuesday 3|2 Blitz"]
[Site "Chess.com"]
[Date "2016.07.05"]
[Round "7"]
[White "GianmarcoVaR"]
[Black "Cayse"]
[Result "1-0"]
[WhiteElo "2432"]
[BlackElo "2571"]
[TimeControl "180+2"]
[EndTime "18:28:28 PDT"]
[Termination "GianmarcoVaR won by resignation"]

1. d4 Nf6 2. c4 e6 3. g3 d5 4.
Nf3 Bb4+ 5. Bd2 Be7 6. Bg2 O-O 7.
O-O c6 8. Qc2 Nbd7 9. b3 b6 10.
Bc3 Ba6 11. Nbd2 c5 12. e4 dxc4 13. Nxc4 cxd4 14. Bxd4 Rc8 15. Qb2 Bxc4 16. bxc4 Rxc4 17. Rfd1 Qc8 18. Rac1 Rxc1 19. Rxc1 Nc5 20. Ne5 Rd8 21.
h3 h6 22. Bf3 Qc7 23. Kg2 Rc8 24. Qb5 Qd6 25. Rd1 Ncxe4 26. Nxf7 Qd5 27. Qb1 Qf5 28. Ne5 Bc5 29. g4 Qg5 30. Bxe4 Bxd4 31. Nf3 Qf4 32. Rxd4 Kh8 33. Bb7 Rc1 34. Qd3 Qc7 35. Rd8+ Ng8 36. Rd7 Qc5 37. Qg6 Qf8 38. Be4 Nf6 39. Rf7 Qg8 40.
Rxf6 1-0

[Event "*** Titled Tuesday 3|2 Blitz"]
[Site "Chess.com"]
[Date "2016.07.05"]
[Round "7"]
[White "simplerXiao"]
[Black "WanderingPuppet"]
[Result "1/2-1/2"]
[WhiteElo "2296"]
[BlackElo "2275"]
[TimeControl "180+2"]
[EndTime "18:28:33 PDT"]
[Termination "Game drawn by repetition"]

1. Nf3 Nf6 2. g3 g6 3. Bg2 Bg7 4. O-O O-O 5. Nc3 d6 6. e4 c5 7. d4 cxd4 8. Nxd4 Nc6 9. Nxc6 bxc6 10. e5 dxe5 11. Bxc6 Bh3 12. Bg2 Bxg2 13. Kxg2 Qc8 14. Qe2 Qc6+ 15. Kg1 Rfc8 16. Qxe5 Ng4 17. Qe2 Ne5 18. f4 Nc4 19. Qf3 Qc5+ 20. Kg2 Rab8 21. Ne4 Qc6 22. Rb1 Na3 23. Qxa3 Qxe4+ 24. Kh3 Rxc2 25.
Qf3 Qf5+ 26. g4 Rxh2+ 27. Kxh2 Qxb1 28. Be3 Qxb2+ 29. Rf2 Qb1 30. Bxa7 Rc8 31. a4 Qa1 32. Qb3 Qe1 33. Qe3 Qa5 34. Qxe7 Qxa4 35. f5 Re8 36. Qc5 Be5+ 37. Kh3 Qb3+ 38. Kg2 Qg3+ 39. Kf1 Qxg4 40. Qb5 Qh3+ 41. Kg1 Qg3+ 42. Kf1 Qh3+ 43. Kg1 Qg3+ 44. Kf1 Qh3+ 45. Rg2 Qf3+ 46. Rf2 Qh3+ 47. Kg1 Qg3+ 48.
Kf1 Qh3+ 1/2-1/2

[Event "*** Titled Tuesday 3|2 Blitz"]
[Site "Chess.com"]
[Date "2016.07.05"]
[Round "7"]
[White "Danhy"]
[Black "underdogchss"]
[Result "1-0"]
[WhiteElo "2416"]
[BlackElo "2347"]
[TimeControl "180+2"]
[EndTime "18:30:19 PDT"]
[Termination "Danhy won by resignation"]

1. c4 e5 2. g3 Nf6 3. Bg2 d5 4. cxd5 Nxd5 5. Nf3 Nc6 6. O-O Be7 7. Nc3 Nb6 8. a3 O-O 9. b4 Be6 10. Rb1 f6 11. d3 Nd4 12. Ne4 Ba2 13. Rb2 Bd5 14. Nfd2 c6 15. e3 Nb5 16. a4 Nd6 17. Nc5 Qc8 18.
a5 Bxg2 19. Kxg2 Nd5 20. Qb3 Kh8 21. Nde4 Nb5 22. Bd2 b6 23. axb6 axb6 24. Na4 f5 25. Nec3 Nbxc3 26. Bxc3 Rxa4 27. Qxa4 Nxc3 28. Qa7 Qd8 29.
Rc1 Nb5 30. Qb7 Qd5+ 31. Kg1 Bf6 32. Qxc6 Qxd3 33. Qxb6 Nc3 34. Qc5 Kg8 35. Qxc3 Qxc3 36. Rxc3 e4 37. Rcb3 Bxb2 38. Rxb2 Rb8 39. b5 Kf7 40. Kf1 Ke6 41. Ke2 Kd5 42. b6 Kc6 43. Kd2 Rd8+ 44. Kc3 Rd3+ 45. Kc4 Kb7 46. h4 g6 47. Kc5 Rd8 48. Ra2 Rc8+ 49. Kb5 Kb8 50. Ra7 Rh8 51. Rc7 h6 52. Kc6 g5 53. h5 Rf8 54. Kb5 f4 55. exf4 gxf4 56. gxf4 Rxf4 57. Rh7 Rf5+ 58. Ka6 Rf8 59. Rxh6 Ka8 60. Re6 Kb8 61. h6 Kc8 62. h7 Kd7 63. Rxe4 Kc6 64. Rc4+ Kd6 65.
Rh4 Kc6 66. h8=Q Rxh8 67. Rxh8 1-0

[Event "*** Titled Tuesday 3|2 Blitz"]
[Site "Chess.com"]
[Date "2016.07.05"]
[Round "7"]
[White "aripov96"]
[Black "Journey_to_GrandMaster_YT"]
[Result "1-0"]
[WhiteElo "2291"]
[BlackElo "2403"]
[TimeControl "180+2"]
[EndTime "18:30:25 PDT"]
[Termination "aripov96 won by checkmate"]

1. d4 d6 2. e4 Nf6 3. Bd3 e5 4. c3 g6 5. f4 exd4 6. cxd4 c5 7. dxc5 d5 8. e5 Ng4 9. Be2 Bxc5 10. Bxg4 Qh4+ 11.
g3 Qxg4 12. Qxg4 Bxg4 13. Nc3 Be6 14. Nf3 d4 15. Ne4 Bb6 16. Bd2 Nc6 17. Nfg5 Bf5 18.
Nd6+ Ke7 19. Ngxf7 Rhf8 20. Nxf5+ Kxf7 21. Nd6+ Ke6 22. Ke2 Bc7 23. Ne4 Bb6 24. Kd3 h6 25. Rac1 Rad8 26. Nc5+ Bxc5 27. Rxc5 g5 28. Rhc1 gxf4 29.
gxf4 Rg8 30. Ke4 Rdf8 31. Rxc6+ bxc6 32. Rxc6+ Kd7 33. Rd6+ Kc7 34. Rxd4 Rg2 35. e6 Rxh2 36. Ba5+ Kc6 37. f5 Re2+ 38. Kd3 Re5 39. Rc4+ Kb7 40. Rc7+ Ka6 41. e7 Rfxf5 42. Bc3 Re6 43. Rc6+ Rxc6 44. e8=Q Rd5+ 45. Ke4 Rdd6 46. Qh8 Re6+ 47. Kd3 Red6+ 48.
Kc2 Kb7 49. a4 Rd7 50. a5 a6 51. Qe5 Rf7 52. Qd5 Rc7 53. Kb3 Rc8 54. Be5 Ka7 55. Qd7+ Ka8 56. Bd4 R8c7 57. Qd5 Kb7 58. Bb6 Rg7 59. Ka4 Rg4+ 60. b4 Rg7 61. b5 axb5+ 62. Kb4 Rg6 63. Qd7+ Kb8 64. Kxb5 h5 65. Ka6 h4 66.
Qb7# 1-0

[Event "*** Titled Tuesday 3|2 Blitz"]
[Site "Chess.com"]
[Date "2016.07.05"]
[Round "7"]
[White "IamSchrodingersCat"]
[Black "LonesomeGeorge1"]
[Result "1-0"]
[WhiteElo "2235"]
[BlackElo "2274"]
[TimeControl "180+2"]
[EndTime "18:30:33 PDT"]
[Termination "IamSchrodingersCat won by resignation"]

1. e4 c5 2. Nf3 e6 3. d4 cxd4 4. Nxd4 Nc6 5. Nc3 Qc7 6. Be3 a6 7. f4 b5 8. Qd2 Bb7 9. Bd3 Nf6 10. e5 b4 11. Ne4 Nxe4 12. Bxe4 Nxd4 13. Qxd4 Bxe4 14.
Qxe4 Rc8 15. O-O-O d5 16. exd6 Bxd6 17. g3 O-O 18.
Kb1 Be7 19. Bd4 a5 20. Rd2 Qc4 21. Rhd1 a4 22. Qd3 Qc6 23. Be5 h6 24. Qd7 Bc5 25.
Qxc6 Rxc6 26. Bd4 Rfc8 27. Bxc5 Rxc5 28. Rd8+ Rxd8 29. Rxd8+ Kh7 30. Rd4 Rb5 31. Kc1 Kg6 32. a3 bxa3 33. bxa3 Kf5 34. h3 h5 35. Rxa4 Rd5 36. Rb4 Ra5 37. a4 Kf6 38. Kb2 g5 39.
Kb3 gxf4 40. gxf4 h4 41. Rb5 Ra8 42. a5 Ke7 43. c4 Kd6 44. Kb4 f6 45. Rb6+ Kd7 46.
a6 e5 47. Rxf6 exf4 48. Rxf4 Rxa6 49. Rxh4 Ra1 50. Kc5 Rh1 51. Rh7+ Ke6 52. Kc6 Rc1 53. c5 Ke5 54. Kb6 Kd5 55. Rd7+ Ke6 56. Rd3 Rb1+ 57. Kc7 Ke7 58. c6 Rc1 59. Kb7 Rb1+ 60. Kc8 Rc1 61. c7 Rc2 62. h4 Rh2 63. Rd5 Rxh4 64. Re5+ Kd6 65. Rg5 Rc4 66. Rg7 Rc1 67. Kd8 Rh1 68.
Rg8 Rc1 69. c8=Q Rxc8+ 70. Kxc8 1-0

[Event "*** Titled Tuesday 3|2 Blitz"]
[Site "Chess.com"]
[Date "2016.07.05"]
[Round "7"]
[White "wonderfultime"]
[Black "Sanan_Sjugirov"]
[Result "0-1"]
[WhiteElo "2664"]
[BlackElo "2681"]
[TimeControl "180+2"]
[EndTime "18:31:49 PDT"]
[Termination "Sanan_Sjugirov won by resignation"]

1. d4 Nf6 2. c4 e6 3. Nf3 d5 4. Nc3 Nbd7 5. Bf4 dxc4 6. e3 Bd6 7. Bxc4 Bxf4 8. exf4 Nb6 9. Bd3 O-O 10. O-O Nbd5 11.
Qd2 b6 12. Rac1 Bb7 13. Ne5 Nxc3 14. bxc3 c5 15. dxc5 Qd5 16. c6 Bxc6 17. f3 Rad8 18. Rfd1 Bb7 19. c4 Qc5+ 20. Qf2 Qa3 21. Bb1 Qe7 22. Qh4 h6 23. Qf2 Rxd1+ 24. Rxd1 Rd8 25. Re1 Nd7 26. Qc2 Qc5+ 27. Kh1 Nxe5 28. fxe5 g6 29. Qc1 Qf2 30. Rd1 Rxd1+ 31. Qxd1 Kg7 32. h3 Qe3 33.
Qd7 Qe1+ 34. Kh2 Qxe5+ 35. Kh1 Bxf3 36. gxf3 Qe1+ 37. Kg2 Qxb1 38. Qxa7 Qc2+ 39. Kg3 Qxc4 40. Qxb6 Qxa2 41. Qd4+ Kh7 42. Qd7 e5 43. Qd6 Qe6 44.
Qf8 Qf5 45. Kg2 e4 46. fxe4 Qxe4+ 47. Kg3 Qe5+ 48. Kg2 Qg7 49. Qe7 Qb2+ 50. Kg3 Kg7 51. Qd6 Qc3+ 52. Kg2 Qf6 53. Qc7 Qg5+ 54. Kh2 Qf5 55.
Qc3+ Qf6 56. Qc5 g5 57. Kg2 Kg6 58. Qc2+ Qf5 59. Qc6+ Qe6 60. Qc2+ Kg7 61. Qc3+ Qf6 62. Qc5 h5 63. Qd5 h4 64. Qe4 Qb2+ 65. Kg1 Qc1+ 66. Kg2 Qd2+ 67. Kf3 Qc3+ 68. Kg4 Qg3+ 69. Kh5 Qf4 70. Qxf4 gxf4 71. Kg4 Kg6 72. Kxf4 f5 73. Kf3 Kg5 74. Ke3 Kh6 75. Kd4 Kg6 76. Ke3 Kf7 77.
Kf3 Ke6 78. Kf4 Kf6 79. Kf3 Ke5 80. Ke3 f4+ 81. Kf3 Kf5 82. Kf2 Ke4 83. Ke2 f3+ 84. Kf2 Kf4 0-1

[Event "*** Titled Tuesday 3|2 Blitz"]
[Site "Chess.com"]
[Date "2016.07.05"]
[Round "7"]
[White "ZapataCharlesS"]
[Black "GeorgMeier"]
[Result "1/2-1/2"]
[WhiteElo "2485"]
[BlackElo "2644"]
[TimeControl "180+2"]
[EndTime "18:32:29 PDT"]
[Termination "Game drawn by agreement"]

1. e4 e6 2. d4 d5 3. exd5 exd5 4. Nf3 Nf6 5. Bd3 Bd6 6. O-O O-O 7. Bg5 Nbd7 8. Nbd2 c6 9. c3 Re8 10. Qc2 Nf8 11. Rae1 Rxe1 12. Rxe1 Bg4 13. h3 Bh5 14.
Ne5 Bg6 15. Nxg6 hxg6 16. Nf3 Qc7 17. Bxf6 gxf6 18. g3 Kg7 19. Kg2 Nd7 20. h4 Rh8 21. c4 dxc4 22. Bxc4 Nb6 23. Bb3 Qd7 24. Qe4 a5 25. a3 Rh5 26. Ba2 Rb5 27. Re2 a4 28. Ne1 Nd5 29. Nd3 Qd8 30. Qe8 Qxe8 31. Rxe8 Bc7 32.
Kf3 Bb6 33. Bc4 Ra5 34. Rb8 Bxd4 35. Rxb7 f5 36. Nf4 Kf6 37. Ng2 Rc5 38. Bxd5 cxd5 39. Ne3 Ke6 40. Rb6+ Ke5 41. Rb7 Bxe3 42. fxe3 Ke6 43.
Rb6+ Ke5 44. Rb7 Ke6 45. Rb6+ Ke7 46. Rb7+ Kf6 47. Rb6+ Kg7 48. Rb4 Rc2 49. Rxa4 Rxb2 50. Rd4 Ra2 51. Rxd5 Rxa3 52. Rd6 Ra1 53. Rb6 Rd1 54. Ke2 Rh1 55. Kf3 Rc1 56. Kf2 Rc7 57. Kf3 f6 58. Ra6 Re7 59. Rb6 g5 60. hxg5 fxg5 61.
Ra6 Re4 62. Rb6 g4+ 63. Kf2 Kf7 64. Ra6 Re6 65. Ra7+ Kf6 66. Ra8 Rc6 67. Rf8+ Ke5 68. Re8+ Kd5 69. Rd8+ Ke6 70. Re8+ Kf7 71. Re5 Kf6 72.
Re8 Rc2+ 73. Kf1 Rc3 74. Kf2 Rc2+ 75. Kf1 Kf7 76. Re5 Kf6 77. Re8 Rc4 78. Kf2 Ra4 79. Rf8+ Ke5 80. Re8+ Kd5 81. Rd8+ Ke4 82. Re8+ Kd3 83.
Rd8+ Ke4 84. Re8+ Kd5 85. Rd8+ Ke5 86. Re8+ Kd6 87. Rd8+ Ke7 88. Rd5 Ke6 89. Rd8 Ra5 90.
Re8+ Kd5 91. Rd8+ Ke4 92. Rd4+ Ke5 93. Rd8 Rc5 94. Rd4 Ra5 95. Rb4 Ra3 96. Rc4 Rb3 97.
Ra4 Rb2+ 98. Kf1 Rd2 99. Rb4 Rh2 100. Ra4 1/2-1/2

[Event "*** Titled Tuesday 3|2 Blitz"]
[Site "Chess.com"]
[Date "2016.07.05"]
[Round "8"]
[White "dawtonlms"]
[Black "AlexanderL"]
[Result "0-1"]
[WhiteElo "2183"]
[BlackElo "2561"]
[TimeControl "180+2"]
[EndTime "18:37:31 PDT"]
[Termination "AlexanderL won by resignation"]

1. Nf3 e6 2. g3 b5 3. Bg2 Bb7 4. O-O Nf6 5. d3 c5 6. Nbd2 Be7 7. Re1 O-O 8. e4 d6 9. c3 a5 10. d4 b4 11. a3 bxc3 12. bxc3 cxd4 13. cxd4 d5 14.
e5 Ne4 15. Bb2 Nxd2 16. Qxd2 a4 17. Bc3 Nc6 18. Reb1 Ba6 19. Bf1 Bxf1 20. Kxf1 Qc7 21. Ne1 Rfb8 22. Rc1 Qa7 23. Rc2 Rb3 24. Bb2 Na5 25.
Nd3 Nc4 26. Qc1 Rxd3 27. Rxc4 dxc4 28. Qxc4 Qa6 0-1

[Event "*** Titled Tuesday 3|2 Blitz"]
[Site "Chess.com"]
[Date "2016.07.05"]
[Round "8"]
[White "Cayse"]
[Black "Superfelix"]
[Result "1-0"]
[WhiteElo "2574"]
[BlackElo "2336"]
[TimeControl "180+2"]
[EndTime "18:37:44 PDT"]
[Termination "Cayse won by resignation"]

1. b3 e5 2. Bb2 Nc6 3. e3 Nf6 4. Bb5 Bd6 5. Ne2 e4 6. Ng3 a6 7. Bxc6 dxc6 8. Bxf6 Qxf6 9. Nc3 Bxg3 10. hxg3 Bf5 11.
Qe2 O-O-O 12. O-O-O h6 13. Kb1 Rd7 14. f3 exf3 15. gxf3 Rhd8 16. e4 Be6 17. Qe3 Qd4 18. Qxd4 Rxd4 19. d3 c5 20. Ne2 R4d7 21. Nf4 b5 22.
Kc1 Kb7 23. Kd2 a5 24. Ke3 Kc6 25. c3 a4 26. d4 cxd4+ 27. cxd4 Kb7 28. d5 c6 29. dxe6 Rxd1 30. Rxd1 Rxd1 31. e7 axb3 32. axb3 1-0

[Event "*** Titled Tuesday 3|2 Blitz"]
[Site "Chess.com"]
[Date "2016.07.05"]
[Round "8"]
[White "Ksenia_Legenko"]
[Black "bilelou"]
[Result "1-0"]
[WhiteElo "2069"]
[BlackElo "2267"]
[TimeControl "180+2"]
[EndTime "18:37:50 PDT"]
[Termination "Ksenia_Legenko won by resignation"]

1. d4 d5 2. c4 e6 3. Nf3 Nf6 4.
g3 Bb4+ 5. Bd2 Be7 6. Bg2 O-O 7. O-O Nbd7 8. b3 Ne4 9. Nc3 Nxc3 10. Bxc3 c6 11. Qd3 f5 12. b4 Nf6 13. Ne5 Ne4 14.
b5 Bd7 15. bxc6 Bxc6 16. Nxc6 bxc6 17. cxd5 cxd5 18. Rab1 Rc8 19. Rfc1 Rc4 20. Be1 Ra4 21. Qb3 Qd7 22. Qb7 Rd8 23. Rc7 1-0